| TOP OF THE 1ST |
|
Chicago White Sox batting - Pitching for Milwaukee Brewers : LHP Atlee Hammaker
|
|
Pitching: LHP Atlee Hammaker
|
|
|
Batting: RHB Steve Henderson
|
0-0: Called Strike 0-1: Ball 1-1: Ground out 6-3 (Groundball, 56, EV 97.5 MPH)
|
|
Batting: SHB Ozzie Smith
|
0-0: Called Strike 0-1: Ball 1-1: Foul Ball, location: 2F 1-2: Foul Ball, location: 2F 1-2: Ball 2-2: Foul Ball, location: 2F 2-2: Fly out, F4 (Flyball, 34D, EV 89.4 MPH)
|
|
Batting: RHB Mike Heath
|
0-0: SINGLE (Line Drive, 8LS, EV 103.1 MPH)
|
|
Batting: LHB Mitchell Page
|
0-0: Ball 1-0: Called Strike 1-1: Called Strike 1-2: Fly out, F8 (Line Drive, 8RM, EV 87.5 MPH)
|
| Top of the 1st over - 0 runs, 1 hit, 0 errors, 1 left on base; Chicago 0 - Milwaukee 0 |
| BOTTOM OF THE 1ST |
|
Milwaukee Brewers batting - Pitching for Chicago White Sox : LHP John Candelaria
|
|
Pitching: LHP John Candelaria
|
|
|
Batting: SHB Alfredo Griffin
|
0-0: Ground out 5-3 (Groundball, 56, EV 104.4 MPH)
|
|
Batting: SHB Eddie Murray
|
0-0: Ball 1-0: Called Strike 1-1: Ground out 4-3 (Groundball, 4, EV 77.5 MPH)
|
|
Batting: RHB Eric Davis
|
0-0: Called Strike 0-1: Ball 1-1: Ball 2-1: Foul Ball, location: 2F 2-2: Foul Ball, location: 2F 2-2: SOLO HOME RUN (Flyball, 78XD, EV 95.6 MPH), Distance : 407 ft
|
|
Batting: RHB Mike Schmidt
|
0-0: Ball 1-0: Foul Ball, location: 2F 1-1: Foul Ball, location: 2F 1-2: Foul Ball, location: 2F 1-2: Foul Ball, location: 2F 1-2: Ball 2-2: Ball 3-2: DOUBLE (Flyball, 89D, EV 100.0 MPH)
|
|
Batting: RHB Thurman Munson
|
0-0: Called Strike 0-1: Ball 1-1: Ball 2-1: SINGLE (Line Drive, 7S, EV 91.9 MPH) Mike Schmidt to third Throwing error, E7 Mike Schmidt scores Thurman Munson to second
|
|
Batting: RHB Ken Landreaux
|
0-0: Foul Ball, location: 2F 0-1: Ball 1-1: Ball 2-1: Swinging Strike 2-2: Foul Ball, location: 2F 2-2: Foul Ball, location: 2F 2-2: Foul Ball, location: 2F 2-2: Ball 3-2: Strikes out swinging
|
| Bottom of the 1st over - 2 runs, 3 hits, 1 error, 1 left on base; Chicago 0 - Milwaukee 2 |
| TOP OF THE 2ND |
|
Chicago White Sox batting - Pitching for Milwaukee Brewers : LHP Atlee Hammaker
|
|
Batting: RHB Tim Teufel
|
0-0: Ball 1-0: Ball 2-0: Ball 3-0: Base on Balls
|
|
Batting: RHB Brian Harper
|
0-0: Swinging Strike 0-1: Ball 1-1: Foul Ball, location: 2F 1-2: Strikes out swinging
|
|
Batting: SHB Dwayne Taggart
|
0-0: Called Strike 0-1: Foul Ball, location: 2F 0-2: Foul Ball, location: 2F 0-2: Ball 1-2: Foul Ball, location: 2F 1-2: SINGLE (Line Drive, 9LS, EV 92.5 MPH) Tim Teufel to second Runner from 2nd tries for 3rd, SAFE, no throw by RF
|
|
Batting: RHB Kevin McReynolds
|
0-0: Ball Dwayne Taggart is caught stealing 2nd base 2-4 1-0: Called Strike 1-1: Ball 2-1: Ball 3-1: Called Strike 3-2: Strikes out swinging
|
| Top of the 2nd over - 0 runs, 1 hit, 0 errors, 1 left on base; Chicago 0 - Milwaukee 2 |
| BOTTOM OF THE 2ND |
|
Milwaukee Brewers batting - Pitching for Chicago White Sox : LHP John Candelaria
|
|
Batting: RHB Glenn Davis
|
0-0: Called Strike 0-1: Ball 1-1: Called Strike 1-2: Ball 2-2: Foul Ball, location: 2F 2-2: Foul Ball, location: 2F 2-2: Ball 3-2: Foul Ball, location: 2F 3-2: Ground out 6-3 (Groundball, 6, EV 82.5 MPH)
|
|
Batting: LHB Denny Walling
|
0-0: Called Strike 0-1: Called Strike 0-2: Strikes out swinging
|
|
Batting: RHB Steve Sax
|
0-0: Reached on error, E6 (Groundball, 6, EV 90.6 MPH)
|
|
Batting: SHB Alfredo Griffin
|
0-0: Ball 1-0: Fielders Choice at 2nd, U4 (Groundball, 4M, EV 83.8 MPH)
|
| Bottom of the 2nd over - 0 runs, 0 hits, 1 error, 1 left on base; Chicago 0 - Milwaukee 2 |
| TOP OF THE 3RD |
|
Chicago White Sox batting - Pitching for Milwaukee Brewers : LHP Atlee Hammaker
|
|
Batting: LHB Ryan MacFarland
|
0-0: DOUBLE (Line Drive, 8RXD, EV 107.5 MPH)
|
|
Batting: RHB Steve Henderson
|
0-0: Called Strike 0-1: Fly out, F7 (Flyball, 7, EV 96.9 MPH)
|
|
Batting: SHB Ozzie Smith
|
0-0: Ball 1-0: Ground out 5-3 (Groundball, 56S, EV 93.1 MPH)
|
|
Batting: RHB Mike Heath
|
0-0: Called Strike 0-1: Ball 1-1: Foul Ball, location: 2F 1-2: Strikes out swinging
|
| Top of the 3rd over - 0 runs, 1 hit, 0 errors, 1 left on base; Chicago 0 - Milwaukee 2 |
| BOTTOM OF THE 3RD |
|
Milwaukee Brewers batting - Pitching for Chicago White Sox : LHP John Candelaria
|
|
Batting: SHB Eddie Murray
|
0-0: Fly out, F8 (Flyball, 8RM, EV 76.9 MPH)
|
|
Batting: RHB Eric Davis
|
0-0: Called Strike 0-1: Ball 1-1: Swinging Strike 1-2: Foul Ball, location: 2F 1-2: Ball 2-2: Ball 3-2: Foul Ball, location: 2F 3-2: Fly out, F7 (Flyball, 7, EV 86.9 MPH)
|
|
Batting: RHB Mike Schmidt
|
0-0: Foul Ball, location: 2F 0-1: Ball 1-1: Called Strike 1-2: Ball 2-2: Strikes out looking
|
| Bottom of the 3rd over - 0 runs, 0 hits, 0 errors, 0 left on base; Chicago 0 - Milwaukee 2 |
| TOP OF THE 4TH |
|
Chicago White Sox batting - Pitching for Milwaukee Brewers : LHP Atlee Hammaker
|
|
Batting: LHB Mitchell Page
|
0-0: Fly out, F3 (Popup, 3F, EV 85.0 MPH)
|
|
Batting: RHB Tim Teufel
|
0-0: Called Strike 0-1: Ball 1-1: Called Strike 1-2: Ball 2-2: Foul Ball, location: 2F 2-2: Strikes out swinging
|
|
Batting: RHB Brian Harper
|
0-0: SINGLE (Line Drive, 7LM, EV 100.6 MPH)
|
|
Batting: SHB Dwayne Taggart
|
0-0: Called Strike 0-1: Ball 1-1: Called Strike 1-2: Ground out 4-3 (Groundball, 4, EV 83.8 MPH)
|
| Top of the 4th over - 0 runs, 1 hit, 0 errors, 1 left on base; Chicago 0 - Milwaukee 2 |
| BOTTOM OF THE 4TH |
|
Milwaukee Brewers batting - Pitching for Chicago White Sox : LHP John Candelaria
|
|
Batting: RHB Thurman Munson
|
0-0: SINGLE (Groundball, 4, EV 99.4 MPH)
|
|
Batting: RHB Ken Landreaux
|
0-0: DOUBLE (Flyball, 8RXD, EV 97.5 MPH) Thurman Munson to third Runner from 3rd tries for Home, SAFE, throw by CF to trailing runner, SAFE at third!
|
|
Batting: RHB Glenn Davis
|
0-0: Foul Ball, location: 2F 0-1: Fly out, F8 (Line Drive, 8LM, EV 92.5 MPH)
|
|
Batting: LHB Denny Walling
|
0-0: Foul Ball, location: 2F 0-1: Foul Ball, location: 2F 0-2: Ball 1-2: Foul Ball, location: 2F 1-2: Ground out 5-3 (Groundball, 56S, EV 69.4 MPH) Ken Landreaux scores
|
|
Batting: RHB Steve Sax
|
0-0: Ball 1-0: SINGLE (Groundball, 34S, EV 75.0 MPH) (infield hit)
|
|
Batting: SHB Alfredo Griffin
|
0-0: Ball 1-0: Called Strike 1-1: Ball 2-1: Ground out U3 (Groundball, 34, EV 105.0 MPH)
|
| Bottom of the 4th over - 2 runs, 3 hits, 0 errors, 1 left on base; Chicago 0 - Milwaukee 4 |
| TOP OF THE 5TH |
|
Chicago White Sox batting - Pitching for Milwaukee Brewers : LHP Atlee Hammaker
|
|
Batting: RHB Kevin McReynolds
|
0-0: Ball 1-0: Foul Ball, location: 2F 1-1: Ball 2-1: Ground out 6-3 (Groundball, 6, EV 88.1 MPH)
|
|
Batting: LHB Ryan MacFarland
|
0-0: Ball 1-0: Foul Ball, location: 2F 1-1: Ball 2-1: Ball 3-1: DOUBLE (Flyball, 78D, EV 105.0 MPH)
|
|
Batting: RHB Steve Henderson
|
0-0: Swinging Strike 0-1: Ball 1-1: DOUBLE (Line Drive, 78D, EV 112.5 MPH) Ryan MacFarland scores
|
|
Batting: SHB Ozzie Smith
|
0-0: Ball 1-0: Swinging Strike 1-1: Ball 2-1: Foul Ball, location: 2F 2-2: Foul Ball, location: 2F 2-2: Ball 3-2: TRIPLE (Line Drive, 89XD, EV 103.8 MPH) Steve Henderson scores
|
|
Batting: RHB Mike Heath
|
0-0: Fly out, F5 (Popup, 56S, EV 69.4 MPH)
|
|
Batting: LHB Mitchell Page
|
0-0: Called Strike 0-1: Foul Ball, location: 2F 0-2: SINGLE (Line Drive, 8RS, EV 95.6 MPH) Ozzie Smith scores
|
|
Batting: RHB Tim Teufel
|
0-0: Called Strike 0-1: Ground out 6-3 (Groundball, 56, EV 107.5 MPH)
|
| Top of the 5th over - 3 runs, 4 hits, 0 errors, 1 left on base; Chicago 3 - Milwaukee 4 |
| BOTTOM OF THE 5TH |
|
Milwaukee Brewers batting - Pitching for Chicago White Sox : LHP John Candelaria
|
|
Batting: SHB Eddie Murray
|
0-0: Ball 1-0: Foul Ball, location: 2F 1-1: SINGLE (Flyball, 89S, EV 90.0 MPH)
|
|
Batting: RHB Eric Davis
|
0-0: Called Strike 0-1: Ball 1-1: Ball 2-1: Ball 3-1: Called Strike 3-2: Strikes out swinging
|
|
Batting: RHB Mike Schmidt
|
0-0: Ball 1-0: Foul Ball, location: 2F 1-1: Called Strike 1-2: Strikes out swinging
|
|
Batting: RHB Thurman Munson
|
0-0: Called Strike 0-1: Ground out 5-3 (Groundball, 56S, EV 93.8 MPH)
|
| Bottom of the 5th over - 0 runs, 1 hit, 0 errors, 1 left on base; Chicago 3 - Milwaukee 4 |
| TOP OF THE 6TH |
|
Chicago White Sox batting - Pitching for Milwaukee Brewers : LHP Atlee Hammaker
|
|
Batting: RHB Brian Harper
|
0-0: Ball 1-0: Ball 2-0: Foul Ball, location: 2F 2-1: Foul Ball, location: 2F 2-2: Ground out 5-3 (Groundball, 56S, EV 77.5 MPH)
|
|
Batting: SHB Dwayne Taggart
|
0-0: Ball 1-0: Ball 2-0: Ground out 6-3 (Groundball, 6MD, EV 98.8 MPH)
|
|
Batting: RHB Kevin McReynolds
|
0-0: Called Strike 0-1: Ball 1-1: Swinging Strike 1-2: Strikes out swinging
|
| Top of the 6th over - 0 runs, 0 hits, 0 errors, 0 left on base; Chicago 3 - Milwaukee 4 |
| BOTTOM OF THE 6TH |
|
Milwaukee Brewers batting - Pitching for Chicago White Sox : LHP John Candelaria
|
|
Batting: RHB Ken Landreaux
|
0-0: Bunted foul 0-1: Foul Ball, location: 2F 0-2: Ground out 6-3 (Groundball, 56, EV 88.1 MPH)
|
|
Batting: RHB Glenn Davis
|
0-0: Called Strike 0-1: Ball 1-1: Foul Ball, location: 2F 1-2: Foul Ball, location: 2F 1-2: Ball 2-2: Ball 3-2: Base on Balls
|
|
Pitching: LHP Gary Christophel
|
|
|
Batting: LHB Denny Walling
|
0-0: Ball 1-0: Fly out, F8 (Flyball, 89D, EV 101.9 MPH)
|
|
Batting: RHB Steve Sax
|
0-0: Ball 1-0: Called Strike 1-1: Ball 2-1: Ball 3-1: Called Strike 3-2: Ground out 6-3 (Groundball, 56, EV 84.4 MPH)
|
| Bottom of the 6th over - 0 runs, 0 hits, 0 errors, 1 left on base; Chicago 3 - Milwaukee 4 |
| TOP OF THE 7TH |
|
Chicago White Sox batting - Pitching for Milwaukee Brewers : LHP Atlee Hammaker
|
|
Batting: LHB Ryan MacFarland
|
0-0: Ball 1-0: Foul Ball, location: 2F 1-1: SINGLE (Line Drive, 34D, EV 109.4 MPH)
|
|
Batting: RHB Steve Henderson
|
0-0: Called Strike 0-1: Ball 1-1: Bunted foul 1-2: Ball 2-2: Foul Ball, location: 2F 2-2: SINGLE (Line Drive, 9S, EV 98.1 MPH) Ryan MacFarland to second Runner from 2nd tries for 3rd, SAFE, throw by RF made to third
|
|
Batting: SHB Ozzie Smith
|
0-0: Called Strike 0-1: SINGLE (Groundball, 25, EV 65.6 MPH) (infield hit) Steve Henderson to second
|
|
Batting: RHB Mike Heath
|
0-0: Ball 1-0: Ball 2-0: Ball 3-0: Base on Balls Ryan MacFarland scores Steve Henderson to third Ozzie Smith to second
|
|
Batting: LHB Mitchell Page
|
0-0: Ball 1-0: Foul Ball, location: 2F 1-1: Called Strike 1-2: Ball Wild Pitch! Steve Henderson scores Ozzie Smith to third Mike Heath to second 2-2: SINGLE (Line Drive, 89S, EV 103.1 MPH) Ozzie Smith scores Mike Heath to third Runner from 3rd tries for Home, SAFE, throw by RF to home Mitchell Page to second
|
|
Batting: RHB Tim Teufel
|
0-0: Intentional Walk
|
|
Pitching: RHP Ron Robinson
|
|
|
Batting: RHB Brian Harper
|
0-0: Ball 1-0: Ball 2-0: Ball 3-0: Called Strike 3-1: SINGLE (Groundball, 4MD, EV 100.0 MPH) Mitchell Page to third Tim Teufel to second Runner from 3rd tries for Home, SAFE, throw by CF to home
|
|
Batting: SHB Dwayne Taggart
|
0-0: Ball 1-0: Called Strike 1-1: Foul Ball, location: 2F 1-2: Strikes out swinging
|
|
Batting: RHB Kevin McReynolds
|
0-0: Fly out, F4 (Popup, 4D, EV 66.9 MPH)
|
|
Batting: LHB Ryan MacFarland
|
0-0: Foul Ball, location: 2F 0-1: Ball 1-1: Ball 2-1: Swinging Strike 2-2: Ball 3-2: Strikes out swinging
|
| Top of the 7th over - 5 runs, 5 hits, 0 errors, 2 left on base; Chicago 8 - Milwaukee 4 |
| BOTTOM OF THE 7TH |
|
Milwaukee Brewers batting - Pitching for Chicago White Sox : LHP Gary Christophel
|
|
Batting: SHB Alfredo Griffin
|
0-0: Swinging Strike 0-1: Fly out, F7 (Flyball, 7LS, EV 97.5 MPH)
|
|
Batting: SHB Eddie Murray
|
0-0: Ball 1-0: Foul Ball, location: 2F 1-1: Foul Ball, location: 2F 1-2: Ball 2-2: Foul Ball, location: 2F 2-2: Ball 3-2: Foul Ball, location: 2F 3-2: Foul Ball, location: 2F 3-2: Ground out 4-3 (Groundball, 34D, EV 81.9 MPH)
|
|
Batting: RHB Eric Davis
|
0-0: Swinging Strike 0-1: Foul Ball, location: 2F 0-2: Strikes out swinging
|
| Bottom of the 7th over - 0 runs, 0 hits, 0 errors, 0 left on base; Chicago 8 - Milwaukee 4 |
| TOP OF THE 8TH |
|
Chicago White Sox batting - Pitching for Milwaukee Brewers : RHP Ron Robinson
|
|
Batting: RHB Steve Henderson
|
0-0: Ball 1-0: SINGLE (Groundball, 6M, EV 102.5 MPH) (infield hit)
|
|
Batting: SHB Ozzie Smith
|
0-0: Bunted foul 0-1: Bunted foul 0-2: Ball 1-2: Ball 2-2: Ball 3-2: Foul Ball, location: 2F 3-2: Base on Balls Steve Henderson to second
|
|
Batting: RHB Mike Heath
|
0-0: Called Strike 0-1: Ball 1-1: Swinging Strike 1-2: Strikes out looking
|
|
Batting: LHB Mitchell Page
|
0-0: Ball 1-0: Swinging Strike 1-1: Called Strike 1-2: SINGLE (Line Drive, 9S, EV 100.6 MPH) Steve Henderson to third Ozzie Smith to second Runner from 3rd tries for Home, throw by RF and OUT! 9-2
|
|
Batting: RHB Tim Teufel
|
0-0: Called Strike 0-1: Ball 1-1: Foul Ball, location: 2F 1-2: Foul Ball, location: 2F 1-2: 3-RUN HOME RUN (Flyball, 89XD, EV 95.0 MPH), Distance : 413 ft
|
|
Batting: RHB Brian Harper
|
0-0: Ball 1-0: SOLO HOME RUN (Flyball, 7D, EV 93.8 MPH), Distance : 392 ft
|
|
Pinch Hitting: RHB Mike A Marshall
|
0-0: Foul Ball, location: 2F 0-1: Ball 1-1: Ball 2-1: Ball 3-1: Base on Balls
|
|
Pinch Hitting: RHB Jim Wynn
|
0-0: Ball 1-0: Swinging Strike 1-1: Ball 2-1: Ball 3-1: Called Strike 3-2: Base on Balls Mike A Marshall to second
|
|
Batting: LHB Ryan MacFarland
|
0-0: Ball 1-0: Called Strike 1-1: Ball 2-1: SINGLE (Groundball, 4MD, EV 105.6 MPH) Mike A Marshall to third Jim Wynn to second Runner from 3rd tries for Home, SAFE, throw by CF to home
|
|
Pitching: RHP Ron Oglesby
|
|
|
Pinch Hitting: RHB Bob Bailey
|
0-0: Ball 1-0: Foul Ball, location: 2F 1-1: Foul Ball, location: 2F 1-2: Ball 2-2: Foul Ball, location: 2F 2-2: SINGLE (Line Drive, 7LS, EV 92.5 MPH) Jim Wynn to third Ryan MacFarland to second Runner from 3rd tries for Home, SAFE, throw by LF to home
|
|
Batting: SHB Ozzie Smith
|
0-0: Ball 1-0: Foul Ball, location: 2F 1-1: Ball 2-1: Called Strike 2-2: Ball 3-2: Fly out, F7 (Flyball, 7LM, EV 76.3 MPH)
|
| Top of the 8th over - 6 runs, 6 hits, 0 errors, 2 left on base; Chicago 14 - Milwaukee 4 |
| BOTTOM OF THE 8TH |
|
Milwaukee Brewers batting - Pitching for Chicago White Sox : LHP Gary Christophel
|
|
Now at 1B: Bob Bailey
|
|
|
Now in LF: Mike A Marshall
|
|
|
Now in RF: Jim Wynn
|
|
|
Pinch Hitting: RHB Pat Tabler
|
0-0: Ball 1-0: Called Strike 1-1: Ball 2-1: Called Strike 2-2: Ground out 4-3 (Groundball, 4, EV 105.0 MPH)
|
|
Batting: RHB Thurman Munson
|
0-0: Called Strike 0-1: Called Strike 0-2: Ground out 6-3 (Groundball, 6, EV 111.3 MPH)
|
|
Pinch Hitting: RHB Ricky Jacquez
|
0-0: Called Strike 0-1: Foul Ball, location: 2F 0-2: Ball 1-2: Foul Ball, location: 2F 1-2: Ball 2-2: Ground out 6-3 (Groundball, 6, EV 84.4 MPH)
|
| Bottom of the 8th over - 0 runs, 0 hits, 0 errors, 0 left on base; Chicago 14 - Milwaukee 4 |
| TOP OF THE 9TH |
|
Chicago White Sox batting - Pitching for Milwaukee Brewers : RHP Ron Oglesby
|
|
Now at 3B: Pat Tabler
|
|
|
Now in RF: Ricky Jacquez
|
|
|
Batting: RHB Mike Heath
|
0-0: Ball 1-0: Swinging Strike 1-1: Foul Ball, location: 2F 1-2: Foul Ball, location: 2F 1-2: Foul Ball, location: 2F 1-2: Ground out 4-3 (Groundball, 4, EV 90.0 MPH)
|
|
Batting: LHB Mitchell Page
|
0-0: Ball 1-0: Foul Ball, location: 2F 1-1: Foul Ball, location: 2F 1-2: Fly out, F7 (Line Drive, 7, EV 94.4 MPH)
|
|
Batting: RHB Tim Teufel
|
0-0: Fly out, F9 (Line Drive, 9, EV 104.4 MPH)
|
| Top of the 9th over - 0 runs, 0 hits, 0 errors, 0 left on base; Chicago 14 - Milwaukee 4 |
| BOTTOM OF THE 9TH |
|
Milwaukee Brewers batting - Pitching for Chicago White Sox : LHP Gary Christophel
|
|
Batting: RHB Glenn Davis
|
0-0: Ball 1-0: Swinging Strike 1-1: Foul Ball, location: 2F 1-2: Strikes out swinging
|
|
Pinch Hitting: LHB Al Oliver
|
0-0: Ball 1-0: Ball 2-0: Foul Ball, location: 2F 2-1: Ball 3-1: Ground out 6-3 (Groundball, 6M, EV 85.6 MPH)
|
|
Batting: RHB Steve Sax
|
0-0: SINGLE (Line Drive, 89S, EV 89.4 MPH)
|
|
Batting: SHB Alfredo Griffin
|
0-0: Swinging Strike 0-1: Ball 1-1: Fly out, F7 (Flyball, 78S, EV 77.5 MPH)
|
| Bottom of the 9th over - 0 runs, 1 hit, 0 errors, 1 left on base; Chicago 14 - Milwaukee 4 |
|